 Dungeon Crawl Stone Soup version 0.31-a0-819-gf6de2f5ab6 (webtiles) character file.

Game seed: 1974526388100813614

40 demibob the Poker (level 3, 0/29 HPs)
             Began as a Merfolk Chaos Knight on Sept 24, 2023.
             Was a Plaything of Xom.
             Slain by a goblin
             ... wielding a +0 dagger
             ... led by Robin
              (5 damage)
             ... on level 2 of the Dungeon.
             The game lasted 00:01:02 (700 turns).

demibob the Poker (Merfolk Chaos Knight)             Turns: 700, Time: 00:01:03

Health: 0/29       AC:  5    Str: 12    XL:     3   Next: 50%
Magic:  3/3        EV: 12    Int:  9    God:    Xom [..*...]
Gold:   35         SH:  0    Dex: 15    Spells: 2/2 levels left

rFire   . . .        a - +0 spear (chaos)
rCold   . . .        (no shield)
rNeg    . . .        b - +2 leather armour
rPois   .            (no helmet)
rElec   .            (no cloak)
rCorr   .            (no gloves)
SInv    .            (no boots)
Will    .....        (no amulet)
Stlth   +            (no ring)
HPRegen 0.24/turn    (no ring)
MPRegen 0.08/turn

%: no passive effects
@: attractive
A: (nimble swimmer 2), mertail, dopey 1, noise suppression
a: Renounce Religion


You were on level 2 of the Dungeon.
You worshipped Xom.
You were a toy of Xom.
You visited 1 branch of the dungeon, and saw 2 of its levels.

You collected 35 gold pieces.


Innate Abilities, Weirdness & Mutations

((You are very nimble when in or above water. (Stealth+, EV+, Speed+++)))
Your lower body shifts to a powerful aquatic tail in water.
You are dopey. (Int -2)
You passively dampen the noise of your surroundings.


   Skills:
 - Level 3.2 Fighting
 + Level 5.9 Polearms
 - Level 0.6 Armour
 - Level 2.6 Dodging


You had 2 spell levels left.
You didn't know any spells.
Your spell library contained the following spells:

 Spells                   Type           Power      Damage    Failure   Level
 Slow                     Hex            0%         N/A       45%         1
 Confusing Touch          Hex            0%         N/A       83%         3
 Gell's Gravitas          Tloc           0%         N/A       83%         3
 Sigil of Binding         Hex            0%         N/A       83%         3
 Teleport Other           Tloc           0%         N/A       83%         3
 Vampiric Draining        Necr           0%         2d6       83%         3
 Dispersal                Tloc           0%         N/A       100%        6

Inventory:

Hand Weapons
 a - a +0 spear of chaos (weapon)
Armour
 b - a +2 leather armour (worn)
Jewellery
 N - a ring of positive energy
Scrolls
 c - a scroll of butterflies
 h - a scroll of identify {@r1}
 i - a scroll of torment {unknown}
Potions
 e - a potion of attraction
 f - a potion of curing {@q1}
 g - a potion of magic

Dungeon Overview and Level Annotations

Branches:
Dungeon (2/15)

Altars:

. .# .# #.# .. .. ##.
.. . §b .# ... #§ b#
....##.#####g#
.........§)@g#
.#......§g##g#
#.###.#??.#.# .#
..........!.# #..
..#####.<.### #.#
#...# ######.###
#...# #........#
#####...####.###....#
#.#
...........)..##..###


You could see 4 goblins and a bat.


Message History

Robin hits you but does no damage.
Unknown command.
You completely miss Robin.
Robin is almost dead.
Robin roars a battlecry!
The goblin goes into a battle-frenzy!
The goblin misses you. The goblin hits you but does no damage.
The goblin barely misses you.
Unknown command.
You barely miss Robin.
Robin is almost dead.
The goblin hits you with a +0 club.
* * * LOW HITPOINT WARNING * * *
The goblin barely misses you. The goblin hits you with a +0 dagger.
* * * LOW HITPOINT WARNING * * *
Unknown command.
You feel better. Robin closely misses you.
The goblin hits you but does no damage. The goblin misses you.
The goblin barely misses you. The goblin is attracted toward you.
You hit Robin.
You kill Robin!
The hobgoblin is attracted toward you.
Unknown command.
You hit the hobgoblin.
You kill the hobgoblin!
The goblin hits you with a +0 club.
* * * LOW HITPOINT WARNING * * *
The goblin hits you with a +0 dagger.
You die... "I guess I need a new plaything now."

Skill      XL: |  1  2 |
---------------+-------+-----
Polearms       | 5 |  5.9
Fighting       | |  3.2
Armour         | |  0.6
Dodging        | |  2.6

Action                     || total
---------------------------++-------
  Melee: Spear             ||    77
    Use: Scroll            ||     3
         Potion            ||     3
   Stab: Sleeping          ||     2
 Armour: Leather armour    ||    54
  Dodge: Dodged            ||    57

Levels and vault maps discovered:
D:1:      dpeg_arrival_tiny_d, layout_rooms, amcnicky_mini_pool_small,
          minmay_misc_feat_x
D:2:      layout_loops_cross, minmay_misc_feat_doors,
          amcnicky_mini_corridor_feature, uniq_sigmund, uniq_robin,
          uniq_crazy_yiuf_cottage

Notes
Turn   | Place    | Note
-------+----------+-------------------------------------------
     0 | D:1      | demibob the Merfolk Chaos Knight began the quest for the
                  | Orb.
     0 | D:1      | Reached XP level 1. HP: 18/18 MP: 1/1
   146 | D:1      | XOM: divination: magic mapping
   155 | D:1      | XOM: silly message
   167 | D:1      | Reached XP level 2. HP: 24/24 MP: 2/2
   201 | D:1      | XOM: silly message
   390 | D:1      | Reached skill level 5 in Polearms
   566 | D:2      | XOM: silly message
   670 | D:2      | Reached XP level 3. HP: 27/29 MP: 3/3
   673 | D:2      | Noticed Robin
   675 | D:2      | Gained mutation: You are dopey. (Int -2) [potion of
                  | mutation]
   675 | D:2      | Gained mutation: You passively dampen the noise of your
                  | surroundings. [potion of mutation]
   699 | D:2      | Killed Robin
   700 | D:2      | Slain by a goblin

Vanquished Creatures
  Robin (D:2)
  A dart slug (D:2)
  2 ball pythons (D:2)
  2 endoplasms
  2 giant cockroaches (D:1)
  11 goblins
  A hobgoblin (D:2)
  A kobold (D:1)
  3 bats
  A rat (D:1)
25 creatures vanquished.

Table legend: (Time is in decaauts)
 A = Elapsed time spent in this place.
 B = Non-inter-level travel time spent in this place.
 C = Inter-level travel time spent in this place.
 D = Time resting spent in this place.
 E = Time spent auto-exploring this place.
 F = Levels seen in this place.
 G = Mean time per level.
                   A        B        C        D        E       F      G
               +--------+--------+--------+--------+--------+-----+--------+
         Total |    688 |    668 |     20 |      0 |    528 |   2 |  344.0 |
       Dungeon |    688 |    668 |     20 |      0 |    528 |   2 |  344.0 |
               +--------+--------+--------+--------+--------+-----+--------+

Top non-repeatable levels by time:
     D:1: 500 daAuts
     D:2: 187 daAuts

Table legend:
 A = Non-vault XP
 B = Vault XP
 C = Vault XP percentage of total XP
 D = Non-vault monster count
 E = Vault monster count
 F = Vault count percentage of total count
                 A         B        C        D         E       F
            +---------+---------+-------+---------+---------+-------
      Total |      35 |      25 |  41.7 |      18 |       7 |  28.0
            +---------+---------+-------+---------+---------+-------
        D:1 |      19 |       0 |   0.0 |      11 |       0 |   0.0
        D:2 |      16 |      25 |  61.0 |       7 |       7 |  50.0
            +---------+---------+-------+---------+---------+-------
